 Dungeon Crawl Stone Soup version 0.22.0-38-g04b72b8 (webtiles) character file.

55248 sbiou the Impaler (level 14, -4/125 HPs)
             Began as a Minotaur Berserker on Aug 25, 2018.
             Was a High Priest of Trog.
             Killed from afar by an electric eel (14 damage)
             ... with a bolt of electricity
             ... on level 6 of the Lair of Beasts on Aug 28, 2018.
             The game lasted 02:56:57 (17049 turns).

sbiou the Impaler (Minotaur Berserker)             Turns: 17049, Time: 02:56:58

Health: -4/125     AC: 25    Str: 27    XL:     14   Next: 37%
Magic:  13/13      EV: 12    Int:  4    God:    Trog [*****.]
Gold:   1146       SH:  0    Dex: 10    Spells: 13/13 levels left

rFire    . . .     SeeInvis .   F - +0 glaive (flame)
rCold    . . .     Gourm    .   (shield currently unavailable)
rNeg     . . .     Faith    .   l - +0 plate armour
rPois    .         Spirit   .   (helmet restricted)
rElec    .         Reflect  .   D - +0 cloak
rCorr    +         Harm     .   v - +2 pair of gloves
MR       +....                  B - +2 pair of boots {Fly}
Stlth    ..........             g - amulet of the acrobat
HPRegen  0.30/turn              s - +2 ring of evasion
MPRegen  0.13/turn              q - ring of resist corrosion

@: about to teleport, flying
A: retaliatory headbutt, horns 2
a: Berserk, Trog's Hand, Brothers in Arms, Renounce Religion, Stop Flying


You were on level 6 of the Lair of Beasts.
You worshipped Trog.
Trog was extremely pleased with you.
You were not hungry.

You visited 3 branches of the dungeon, and saw 18 of its levels.

You collected 1146 gold pieces.

Inventory:

Hand Weapons
 e - a +1 scythe of flaming
 F - a +0 glaive of flaming (weapon)
Missiles
 f - 474 stones
 n - 4 throwing nets
 o - a tomahawk of returning
 G - 8 tomahawks of dispersal
 I - 4 steel javelins (quivered)
 J - 7 steel tomahawks
 M - 10 tomahawks
Armour
 l - a +0 plate armour (worn)
 v - a +2 pair of gloves (worn)
 B - a +2 pair of boots of flying (worn)
 D - a +0 cloak (worn)
Jewellery
 a - an uncursed ring of fire
 g - an amulet of the acrobat (around neck)
 q - a ring of resist corrosion (right hand)
 s - a +2 ring of evasion (left hand)
 E - a +1 ring of evasion
Wands
 b - a wand of flame (20)
 h - a wand of clouds (3)
 t - a wand of scattershot (4)
 u - a wand of digging (5)
 w - a wand of acid (6)
 x - a wand of polymorph (6)
 y - a wand of iceblast (6)
 z - a wand of paralysis (18)
Scrolls
 d - 8 scrolls of remove curse
 i - 4 scrolls of magic mapping
 k - 7 scrolls of identify
 m - a scroll of random uselessness
 A - a scroll of brand weapon
 C - a scroll of noise {unknown}
 K - a scroll of blinking
 L - 2 scrolls of teleportation
 N - a scroll of holy word {unknown}
Potions
 j - 2 potions of flight
 p - 3 potions of curing
 r - a potion of cancellation
Miscellaneous
 H - a box of beasts
Comestibles
 c - 32 rations


   Skills:
 + Level 11.9 Fighting
 + Level 18.1 Polearms
 + Level 11.7 Throwing
 + Level 14.0 Armour
 + Level 5.1 Dodging
 + Level 1.4 Stealth
 + Level 0.4 Evocations


You had 13 spell levels left.
You didn't know any spells.
Your spell library contained the following spells:

 Spells                   Type           Power        Failure   Level  Hunger
 Animate Skeleton         Necr           N/A          98%         1    ##.....
 Confusing Touch          Hex            #.....       98%         1    ##.....
 Magic Dart               Conj           #...         98%         1    ##.....
 Pain                     Necr           #...         98%         1    ##.....
 Summon Butterflies       Summ           #.......     98%         1    ##.....
 Blink                    Tloc           N/A          99%         2    ###....
 Call Imp                 Summ           #.......     99%         2    ###....
 Slow                     Hex            #.......     99%         2    ###....
 Call Canine Familiar     Summ           #.......     100%        3    ####...
 Confuse                  Hex            #.......     100%        3    ####...
 Conjure Flame            Conj/Fire      #.......     100%        3    ####...
 Gell's Gravitas          Tloc           #.........   100%        3    ####...
 Mephitic Cloud           Conj/Pois/Air  #.......     100%        3    ####...
 Regeneration             Chrm/Necr      #.........   100%        3    ####...
 Vampiric Draining        Necr           #.........   100%        3    ####...
 Animate Dead             Necr           N/A          100%        4    #####..
 Petrify                  Tmut/Erth      #.......     100%        4    #####..
 Summon Ice Beast         Ice/Summ       #.......     100%        4    #####..
 Metabolic Englaciation   Hex/Ice        #.........   100%        5    ######.
 Summon Mana Viper        Hex/Summ       #.......     100%        5    ######.
 Yara's Violent Unravell  Hex/Tmut       #.........   100%        5    ######.
 Summon Hydra             Summ           #.........   100%        7    #######


Dungeon Overview and Level Annotations

Branches:
Dungeon (10/15)            Temple (0/1) D:6            Lair (6/6) D:8
 Shoals (2/4) Lair:3        Snake (0/4) Lair:2        Slime (0/5) Lair:6
    Orc: D:9-12

Altars:
Elyvilon
Hepliaklqana
Ru
Vehumet
Xom

Shops:
D:9 [   Shoals:1 :*[(

Annotations:
D:6 1 runed door
Lair:1 exclusion: oklob plant


Innate Abilities, Weirdness & Mutations

You reflexively headbutt those who attack you in melee.
You have a pair of horns on your head.


Message History

The electric eel shoots out a bolt of lightning at you!
The bolt of electricity hits the plant.
The bolt of electricity hits the electric eel.
The electric eel completely resists.
The bolt of electricity hits you!
* * * LOW HITPOINT WARNING * * *
The electric eel shoots out a bolt of lightning at you!
The bolt of electricity hits the plant.
The plant is destroyed!
The bolt of electricity hits the electric eel.
The electric eel completely resists.
The bolt of electricity hits you!
* * * LOW HITPOINT WARNING * * *
The bolt of electricity hits you!
* * * LOW HITPOINT WARNING * * *
The bolt of electricity hits the plant.
You barely miss the electric eel. You headbutt the electric eel.
You kill the electric eel!
Trog accepts your kill.
The electric eel shoots out a bolt of lightning at you!
The bolt of electricity hits the plant.
The bolt of electricity hits you!
You die...

≈ ≈≈ ≈≈≈≈
≈≈;≈≈♣♣♣#
≈≈≈;≈≈≈@##
≈≈≈≈≈≈♣P≈#
≈≈≈≈≈P≈≈##
≈≈≈≈≈≈♣≈≈##
≈≈≈≈;PP♣♣.#
≈≈≈≈≈≈♣♣.##
≈≈≈≈≈≈P≈.#
≈≈≈≈≈≈≈P.###
;≈≈≈≈≈≈≈≈...#


You could see 3 electric eels.

Vanquished Creatures
  6 hydras
  A catoblepas (Lair:6)
  Harold (D:8)
  Erica (D:8)
  A merfolk avatar (Lair:6)
  A two-headed ogre (D:9)
  3 death yaks (Lair:4)
  Nergalle (Lair:3)
  A sea snake (Lair:6)
  2 oklob plants (Lair:1)
  The ghost of Daviar the Chopper, a novice DsGl (D:6)
  A cyclops (Shoals:1)
  2 manticores (Lair:6)
  3 fauns (Shoals:1)
  A merfolk siren (Shoals:1)
  A water nymph (Shoals:1)
  19 elephants
  3 black mambas
  A molten gargoyle (Lair:3)
  12 spiny frogs
  6 rime drakes
  11 komodo dragons
  3 polar bears (Lair:6)
  5 merfolk (Shoals:1)
  A hornet (Lair:6)
  A troll (D:9)
  2 wind drakes
  5 blink frogs (Lair:6)
  6 hippogriffs
  2 snapping turtles
  8 dream sheep
  Sigmund (D:3)
  6 wyverns
  2 basilisks
  2 fire bats (Lair:3)
  41 yaks
  A fire elemental (Lair:3)
  4 nagas (Lair:2)
  19 water moccasins
  6 porcupines
  An eye of draining (D:8)
  A necrophage (D:8)
  4 orc warriors
  4 ice beasts
  6 wolves (Lair:3)
  A phantom (D:9)
  3 ogres
  4 centaurs
  15 crocodiles
  A big kobold (D:9)
  16 bullfrogs
  4 killer bees (D:8)
  A scorpion (D:9)
  8 wights
  4 electric eels
  3 lava snakes (Lair:3)
  A crimson imp (D:9)
  2 centaur zombies
  2 quasits
  11 jellies
  3 hounds
  5 orc priests
  5 orc wizards
  3 bullfrog skeletons
  An iguana (D:8)
  3 worker ants
  A hound zombie (D:6)
  8 gnolls (D:3)
  12 adders
  2 shadow imps (D:8)
  2 oozes
  An adder skeleton (D:7)
  An adder zombie (D:5)
  5 worms
  3 dart slugs (D:2)
  3 leopard geckos
  33 orcs
  6 bats
  6 giant cockroaches
  9 goblins
  3 hobgoblins
  4 jackals (D:5)
  10 kobolds
  3 quokkas
  6 ball pythons
  9 frilled lizards
  2 leopard gecko skeletons (D:5)
  A quokka skeleton (D:6)
  5 rats
  A fire vortex (Lair:3)
  A plant (Shoals:1)
443 creatures vanquished.

Vanquished Creatures (collateral kills)
  A hydra (Lair:5)
  2 death yaks (Lair:4)
  A lindwurm (Lair:4)
  2 black mambas
  A hippogriff (Lair:6)
  A wyvern (Lair:5)
  A yak (Lair:4)
  A crocodile (Lair:5)
  2 jellies (Lair:6)
12 creatures vanquished.

Vanquished Creatures (others)
  9 fungi
  22 plants
31 creatures vanquished.

Grand Total: 486 creatures vanquished

Notes
Turn   | Place    | Note
-------+----------+-------------------------------------------
     0 | D:1      | sbiou the Minotaur Berserker began the quest for the Orb.
     0 | D:1      | Reached XP level 1. HP: 19/19 MP: 0/0
   126 | D:1      | Reached XP level 2. HP: 27/27 MP: 1/1
   421 | D:1      | Reached skill level 4 in Polearms
   644 | D:2      | Reached ** piety under Trog
   664 | D:2      | Reached XP level 3. HP: 34/34 MP: 2/2
   703 | D:2      | Reached skill level 1 in Throwing
   813 | D:2      | Reached XP level 4. HP: 41/41 MP: 3/3
   976 | D:2      | Reached skill level 5 in Polearms
  1762 | D:3      | Reached XP level 5. HP: 26/47 MP: 4/4
  2211 | D:3      | Noticed Sigmund
  2225 | D:3      | Killed Sigmund
  2225 | D:3      | Reached skill level 6 in Polearms
  2225 | D:3      | Reached XP level 6. HP: 55/55 MP: 5/5
  2311 | D:3      | Reached *** piety under Trog
  2364 | D:3      | Found a shimmering altar of Xom.
  2440 | D:4      | You fall through a shaft!
  2440 | D:5      | Entered Level 5 of the Dungeon
  2484 | D:5      | Noticed an ice beast
  2609 | D:5      | Reached skill level 5 in Fighting
  2609 | D:5      | Reached XP level 7. HP: 36/61 MP: 2/6
  2717 | D:5      | Reached skill level 5 in Armour
  2949 | D:5      | Reached skill level 7 in Polearms
  3255 | D:5      | Found a white marble altar of Elyvilon.
  3592 | D:6      | Reached XP level 8. HP: 66/68 MP: 2/7
  3652 | D:6      | Found a runed door.
  3669 | D:6      | Found a staircase to the Ecumenical Temple.
  3772 | D:6      | Found a hazy altar of Hepliaklqana.
  3927 | D:6      | Found a runed door.
  3932 | D:6      | Noticed Daviar's ghost (novice DsGl)
  4017 | D:6      | Reached skill level 8 in Polearms
  4022 | D:6      | Reached **** piety under Trog
  4047 | D:6      | HP: 1/69 [Daviar's ghost (5)]
  4048 | D:6      | Killed Daviar's ghost
  4048 | D:6      | Reached skill level 9 in Polearms
  4570 | D:7      | Reached XP level 9. HP: 17/75 MP: 2/8
  4865 | D:7      | Reached skill level 1 in Stealth
  5063 | D:7      | Found a radiant altar of Vehumet.
  5238 | D:7      | Found a sacrificial altar of Ru.
  5363 | D:7      | Reached skill level 5 in Throwing
  5506 | D:8      | Noticed Erica
  5546 | D:8      | Reached skill level 10 in Polearms
  5706 | D:8      | Killed Erica
  5842 | D:8      | Reached skill level 11 in Polearms
  5908 | D:8      | Found a staircase to the Lair.
  6136 | D:8      | Reached XP level 10. HP: 84/84 MP: 3/9
  6235 | D:8      | Noticed Harold
  6255 | D:8      | Killed Harold
  6266 | D:8      | Reached skill level 12 in Polearms
  6681 | D:9      | Noticed a two-headed ogre
  6690 | D:9      | Killed a two-headed ogre
  6717 | D:9      | Reached skill level 10 in Armour
  6718 | D:9      | Received a gift from Trog
  7045 | D:9      | Found Sejo's Armour Shop.
  7122 | D:9      | Reached skill level 13 in Polearms
  7532 | D:10     | Entered Level 10 of the Dungeon
  7603 | Lair:1   | Entered Level 1 of the Lair of Beasts
  7737 | Lair:1   | Reached XP level 11. HP: 62/93 MP: 3/10
  8588 | Lair:1   | Noticed an oklob plant
  8588 | Lair:1   | Noticed an oklob plant
  8594 | Lair:1   | Noticed an oklob plant
  8615 | Lair:1   | Killed an oklob plant
  8711 | Lair:1   | Killed an oklob plant
  8745 | Lair:2   | Reached ***** piety under Trog
  8799 | Lair:2   | Reached skill level 14 in Polearms
  9493 | Lair:2   | Found a staircase to the Snake Pit.
  9771 | Lair:2   | Received a gift from Trog
  9771 | Lair:2   | Reached XP level 12. HP: 96/103 MP: 11/11
  9781 | Lair:2   | Reached skill level 15 in Polearms
 10462 | Lair:3   | Noticed a six-headed hydra
 10543 | Lair:3   | HP: 6/156 [12-headed hydra (2)]
 10543 | Lair:3   | HP: 2/156 [12-headed hydra (4)]
 10872 | Lair:2   | Killed a 15-headed hydra
 11677 | Lair:3   | Found a staircase to the Shoals.
 11703 | Lair:3   | Noticed Nergalle
 11755 | Shoals:1 | Entered Level 1 of the Shoals
 11755 | Shoals:1 | Found Besoarai's Book Shop.
 11843 | Shoals:1 | Found Fiemmea's General Store.
 12617 | Shoals:1 | Found Qathean's Weapon Shoppe.
 13000 | Shoals:1 | Reached skill level 10 in Throwing
 13006 | Shoals:1 | Reached skill level 10 in Fighting
 13019 | Shoals:1 | Found Dadghilev's Antique Armour Emporium.
 13381 | Lair:3   | Killed Nergalle
 13594 | Lair:4   | Noticed a five-headed hydra
 13596 | Lair:4   | Noticed a death yak
 13596 | Lair:4   | Noticed a death yak
 13599 | Lair:4   | Noticed a death yak
 13600 | Lair:4   | Noticed a death yak
 13600 | Lair:4   | Received a gift from Trog
 13601 | Lair:4   | Killed a five-headed hydra
 13601 | Lair:4   | Reached skill level 16 in Polearms
 13603 | Lair:4   | Killed a death yak
 13603 | Lair:4   | Reached XP level 13. HP: 113/113 MP: 12/12
 14153 | Lair:4   | Received a gift from Trog
 15196 | Lair:5   | Received a gift from Trog
 15262 | Lair:5   | Reached skill level 17 in Polearms
 15816 | Lair:6   | Entered Level 6 of the Lair of Beasts
 16073 | Lair:6   | Received a gift from Trog
 16083 | Lair:6   | Found a staircase to the Slime Pits.
 16114 | Lair:6   | Reached XP level 14. HP: 124/124 MP: 13/13
 16169 | Lair:6   | Reached skill level 5 in Dodging
 16430 | Lair:6   | Reached skill level 18 in Polearms
 17049 | Lair:6   | Killed from afar by an electric eel

Skill      XL: |  1  2  3  4  5  6  7  8  9 10 11 12 13 14 |
---------------+-------------------------------------------+-----
Fighting       | 4 5 6 7 8 10 11 | 11.9
Polearms       | 4 5 6 7 9 11 13 14 16 17 18 | 18.1
Throwing       | 1 2 3 4 6 8 10 11 | 11.7
Armour         | 3 4 5 7 9 10 11 12 13 14 | 14.0
Dodging        | 3 4 5 |  5.1
Stealth        | 1 |  1.4
Evocations     | |  0.4

Action                   |  1- 3 |  4- 6 |  7- 9 | 10-12 | 13-15 || total
-------------------------+-------+-------+-------+-------+-------++-------
Melee: Spear             |    71 |   116 |       |       |       ||   187
       Headbutt          |     7 |     9 |    28 |    98 |    84 ||   226
       Scythe            |       |    15 |   256 |   273 |    31 ||   575
       Glaive            |       |       |       |   299 |   311 ||   610
Throw: Javelin           |    19 |     3 |       |       |    17 ||    39
       Stone             |     6 |    85 |   115 |    83 |    43 ||   332
       Tomahawk          |       |    21 |     8 |   209 |    97 ||   335
Invok: Berserk           |       |     3 |     5 |    10 |     5 ||    23
       Trog's Hand       |       |     2 |     5 |     8 |     7 ||    22
       Brothers in Arms  |       |       |       |     2 |     2 ||     4
Evoke: Wand              |       |       |       |     4 |       ||     4
       Box of beasts     |       |       |       |     1 |     1 ||     2
  Use: Scroll            |       |    10 |     4 |    10 |     6 ||    30
       Potion            |       |     5 |     1 |     8 |     2 ||    16
  Eat: Chunk             |       |     4 |    18 |    25 |    16 ||    63
       Ration            |       |     1 |     1 |     3 |     1 ||     6
Armor: Animal skin       |     2 |       |       |       |       ||     2
       Chain mail        |    15 |    32 |   151 |    18 |       ||   216
       Plate armour      |       |       |       |   411 |   212 ||   623
       Skin              |       |       |       |       |    94 ||    94
Dodge: Dodged            |    24 |    62 |   198 |   415 |   205 ||   904
